 Dungeon Crawl Stone Soup version 0.25.1-2-g60ff931df9 (webtiles) character file.

Game seed: 6870253327489813558

59 DildoBatman the Conjurer (level 4, 0/30 HPs)
             Began as a Formicid Wizard on Oct 15, 2020.
             Slain by a worker ant (3 damage)
             ... on level 2 of the Dungeon.
             The game lasted 00:03:16 (1733 turns).

DildoBatman the Conjurer (Formicid Wizard)          Turns: 1733, Time: 00:03:16

Health: 0/30       AC:  2    Str: 12    XL:     4   Next: 22%
Magic:  0/8        EV: 12    Int: 18    God:
Gold:   169        SH:  0    Dex:  9    Spells: 8/9 levels left

rFire    . . .     SeeInvis +   g - +0 club
rCold    . . .     Gourm    .   (no shield)
rNeg     . . .     Faith    .   a - +0 robe
rPois    .         Spirit   .   (helmet unavailable)
rElec    .         Reflect  .   (no cloak)
rCorr    .         Harm     .   (no gloves)
MR       .....                  (no boots)
Stlth    ++........             (no amulet)
HPRegen  0.10/turn              (no ring)
MPRegen  0.11/turn              (no ring)

@: no status effects
A: permanent stasis, dig shafts and tunnels, four strong arms, antennae 3
a: Dig, Shaft Self


You were on level 2 of the Dungeon.
You were not hungry.

You visited 1 branch of the dungeon, and saw 2 of its levels.

You collected 169 gold pieces.

Inventory:

Hand Weapons
 g - a +0 club (weapon)
 n - a +0 spear
Missiles
 d - 52 stones (quivered)
 l - 17 arrows
Armour
 a - a +0 robe (worn)
Scrolls
 c - a scroll of remove curse {unknown}
 e - 2 scrolls of teleportation {unknown}
 f - 2 scrolls of enchant armour {unknown}
 h - 2 scrolls of amnesia {unknown}
 i - 4 scrolls of identify {unknown}
 m - a scroll of fear {unknown}
Potions
 j - a potion of brilliance {unknown}
 k - 3 potions of curing {unknown}
Comestibles
 b - 3 chunks of flesh
 v - 4 rations


   Skills:
 - Level 1.7 Dodging
 - Level 2.4 Stealth
 - Level 3.2 Spellcasting
 * Level 3.4 Conjurations
   Level 1.0 Summonings
   Level 0.8 Translocations


You had 8 spell levels left.
You knew the following spells:

 Your Spells              Type           Power        Failure   Level  Hunger
c - Magic Dart            Conj           ###.         4%          1    None

Your spell library contained the following spells:

 Spells                   Type           Power        Failure   Level  Hunger
 Call Imp                 Summ           #.......     16%         2    ##.....
 Slow                     Hex            #.......     24%         2    ##.....
 Conjure Flame            Conj/Fire      #.......     24%         3    ###....
 Mephitic Cloud           Conj/Pois/Air  #.......     30%         3    ###....
 Blink                    Tloc           Unusable     N/A         2    N/A

Dungeon Overview and Level Annotations

Branches:
Dungeon (2/15)

Altars:


Innate Abilities, Weirdness & Mutations

You cannot be hasted, slowed, berserked, paralysed or teleported.
You can dig through walls and to a lower floor.
Your four strong arms can wield two-handed weapons with a shield.
You have a pair of large antennae on your head. (SInv)


Message History

Confirm with . or Enter, or press ? or * to list all spells.
You don't have enough magic to cast that spell.
You hit the worker ant.
The worker ant is lightly wounded.
The worker ant bites you! The worker ant barely misses you.
Casting: Magic Dart (safe; 4% risk of failure)
Confirm with . or Enter, or press ? or * to list all spells.
You don't have enough magic to cast that spell.
You hit the worker ant.
The worker ant is moderately wounded.
The worker ant barely misses you.
Casting: Magic Dart (safe; 4% risk of failure)
Confirm with . or Enter, or press ? or * to list all spells.
You don't have enough magic to cast that spell.
You hit the worker ant.
The worker ant is moderately wounded.
The worker ant closely misses you. The worker ant bites you.
You die...

#.#.# #.#....#
#.... ###.#.#
##.#..### #....
#.....### #.....#
#####
#.#.....###.....#
#..#####.##.....#
## #.## ##.......#
. #.#{
{#.......###### #.#
#.†.(......... #.#
{ #.#@#..#########
#.##
{{###a##..........
##.###
{rl.#...###########
##..# {
##.##..............
#.## {
####..#..#.########
#.#
#.....####.##......
#.#
#.#.#......##.####.
#.## ##.#.######.#
..<. #..####..#.#
### ###..


You could see a worker ant, a leopard gecko and a rat.

Vanquished Creatures
  An adder (D:2)
  An ooze (D:2)
  A worm (D:2)
  3 dart slugs
  2 leopard geckos
  5 giant cockroaches
  3 goblins
  3 hobgoblins
  7 bats
  A frilled lizard (D:1)
  5 kobolds
  2 rats
34 creatures vanquished.

Notes
Turn   | Place    | Note
-------+----------+-------------------------------------------
     0 | D:1      | DildoBatman the Formicid Wizard began the quest for the
                  | Orb.
     0 | D:1      | Reached XP level 1. HP: 13/13 MP: 4/4
    17 | D:1      | Reached skill level 1 in Conjurations
   219 | D:1      | Reached XP level 2. HP: 15/19 MP: 0/6
   623 | D:1      | Reached XP level 3. HP: 24/24 MP: 5/7
  1658 | D:2      | Reached XP level 4. HP: 28/30 MP: 3/8
  1733 | D:2      | Slain by a worker ant

Illustrated notes

Levels and vault maps discovered:
D:1:      roderic_crop_circles_arrival_small, layout_basic,
          grunt_decor_arrowhead
D:2:      layout_basic, minmay_tree_intersection, minmay_joined_circles

Skill      XL: |  1  2  3 |
---------------+----------+-----
Conjurations   | 1 2 3 |  3.4
Dodging        | |  1.7
Stealth        | |  2.4
Spellcasting   | |  3.2
Summonings     | |  1.0
Translocations | |  0.8

Action                   |  1- 3 |  4- 6 || total
-------------------------+-------+-------++-------
Melee: Unarmed           |     5 |       ||     5
       Club              |     6 |    17 ||    23
Throw: Stone             |     3 |       ||     3
 Cast: Magic Dart        |    73 |    11 ||    84
 Abil: Dig               |       |     1 ||     1
 Stab: Sleeping          |     1 |       ||     1
  Eat: Chunk             |     2 |       ||     2
Armor: Robe              |     2 |     2 ||     4
Dodge: Dodged            |    16 |    17 ||    33
